 Dungeon Crawl Stone Soup version 0.28.0-1-gb440e238dd (webtiles) character file.

Game seed: 7397951219635442813

4 spaghetti the Sneak (level 1, 0/16 HPs)
             Began as an Octopode Delver on Feb 20, 2022.
             Succumbed to a scorpion's poison
             ... on level 5 of the Dungeon.
             The game lasted 00:00:19 (188 turns).

spaghetti the Sneak (Octopode Delver)                Turns: 188, Time: 00:00:20

Health: 0/16       AC:  1    Str: 17    XL:     1   Next: 70%
Magic:  1/1        EV: 13    Int: 12    God:
Gold:   0          SH:  0    Dex: 13    Spells: 0/0 levels left

rFire   . . .      SeeInvis .   a - +0 falchion
rCold   . . .      Faith    .   (no shield)
rNeg    . . .      Spirit   .   (helmet restricted)
rPois   .          Reflect  .   (no amulet)
rElec   .          Harm     .   g - +6 ring of strength
rCorr   .          Rampage  .   (no ring)
Will    .....                   (no ring)
Stlth   ++++......              (no ring)
HPRegen 0.05/turn               (no ring)
MPRegen 0.07/turn               (no ring)
                                (no ring)
                                (no ring)

@: lethally poisoned (0 -> -7)
A: almost no armour, amphibious, 8 rings, camouflage 1, gelatinous body 1,
(nimble swimmer 1), tentacles
a: no special abilities


You were on level 5 of the Dungeon.
You visited 1 branch of the dungeon, and saw 2 of its levels.

Inventory:

Hand Weapons
 a - a +0 falchion (weapon)
Jewellery
 g - a +6 ring of strength (left tentacle)
Wands
 f - a wand of digging (3)
 h - a wand of flame (24)
Scrolls
 b - a scroll of fog
 c - a scroll of magic mapping
 d - a scroll of fear
Potions
 e - a potion of haste


   Skills:
 - Level 3.0 Fighting
 + Level 2.4 Long Blades
 - Level 2.0 Dodging
 - Level 6.6 Stealth


You couldn't memorise any spells.
You didn't know any spells.
Your spell library was empty.

Dungeon Overview and Level Annotations

Branches:
Dungeon (6/15)
 Temple: D:4-7

Altars:


Innate Abilities, Weirdness & Mutations

You cannot wear most types of armour.
You are amphibious.
You can wear up to eight rings at the same time.
Your skin changes colour to match your surroundings (Stealth+).
Your rubbery body absorbs attacks. (AC +1, EV +1)
((You are camouflaged when in or above water. (Stealth+)))
You have tentacles for arms and can constrict up to eight enemies at once.


Message History

The scorpion barely misses you. The scorpion closely misses you.
You hit the scorpion but do no damage. You grab the scorpion.
You squeeze the scorpion!
The scorpion is severely wounded.
You constrict the scorpion. The scorpion stings you.
You are poisoned.
The scorpion poisons you!
You hit the scorpion. Your squeeze misses the scorpion.
The scorpion is almost dead.
You constrict the scorpion, but do no damage.
You feel very sick. The scorpion misses you.
You hit the scorpion but do no damage.
The scorpion is almost dead.
You constrict the scorpion.
You feel sick. The scorpion stings you.
* * * LOW HITPOINT WARNING * * *
The scorpion closely misses you.
You are too injured to fight recklessly!
You are too injured to fight recklessly!
You are too injured to fight recklessly!
You are too injured to fight recklessly!
You are too injured to fight recklessly!
You are too injured to fight recklessly!
You are too injured to fight recklessly!
You are too injured to fight recklessly!
You are too injured to fight recklessly!
You are too injured to fight recklessly!
You are too injured to fight recklessly!
You are too injured to fight recklessly!
You are too injured to fight recklessly!
You are too injured to fight recklessly!
You are too injured to fight recklessly!
You are too injured to fight recklessly!
You are too injured to fight recklessly!
You are too injured to fight recklessly!
You are too injured to fight recklessly!
You are too injured to fight recklessly!
You hit the scorpion.
You kill the scorpion!
You die...

....# #.#.#
#.#.# #.#.#
#.#.# #.#.# .
#.#>#
..#####>#.##
##.l.[..@...#
..#####.####
.##... #.#
l...#.# #.#
#....(.##.#
#..$...#
####...# #.#
###.# #.# #.#


You could see an iguana (asleep).

Vanquished Creatures
  A scorpion (D:5)
  A dart slug (D:5)
  An orc (D:6)
3 creatures vanquished.

Notes
Turn   | Place    | Note
-------+----------+-------------------------------------------
     0 | D:5      | spaghetti the Octopode Delver began the quest for the Orb.
     0 | D:5      | Reached XP level 1. HP: 16/16 MP: 1/1
    20 | D:5      | Noticed an iguana
    25 | D:5      | Noticed an iguana
   107 | D:6      | Noticed an orc priest
   181 | D:5      | Noticed a scorpion
   188 | D:5      | Killed a scorpion
   188 | D:5      | Succumbed to a scorpion's poison

Illustrated notes

Levels and vault maps discovered:
D:5:      layout_rooms, minmay_temple_entry_offerings
D:6:      layout_loops_ring, uniq_pikel

Action                   || total
-------------------------++-------
Melee: Falchion          ||     8
       Constrict         ||     2
       Tentacles         ||     2
 Stab: Distracted        ||     1
       Sleeping          ||     1
Dodge: Dodged            ||     5
